 Dungeon Crawl Stone Soup version 0.18.1-48-g4cf74bf (webtiles) character file.

129 Gargoyl the Skirmisher (level 4, 0/55 HPs)
             Began as a Demonspawn Abyssal Knight on July 25, 2016.
             Was a Believer of Lugonu.
             Succumbed to an adder's poison
             ... on level 3 of the Dungeon.
             The game lasted 00:05:49 (2806 turns).

Gargoyl the Skirmisher (Demonspawn Abyssal Knight)  Turns: 2806, Time: 00:05:49

Health: 0/55       AC: 22    Str: 13 (14) XL:     4   Next: 88%
Magic:  6/6        EV:  2    Int: 11 (13) God:    Lugonu [**....]
Gold:   109        SH:  0    Dex: 13 (14) Spells: 0 memorised, 3 levels left

rFire  . . .     SeeInvis .     a - +1 hand axe
rCold  . . .     Gourm    .     (armour currently unavailable)
rNeg   + + +     Faith    .     (no shield)
rPois  +         Spirit   .     (helmet currently unavailable)
rElec  .         Dismiss  .     (cloak currently unavailable)
rCorr  .         Reflect  .     (gloves currently unavailable)
SustAt .         Harm     .     (boots currently unavailable)
MR     .....     NoTele   +     (no amulet)
Stlth  ++........               (no ring)
                                l - ring of loudness (curse)

@: lethally poisoned (0 -> -2), tree-form, not resistant to hostile
enchantments, unstealthy
A: (icy blue scales 0), agile 1, (fire resistance 0), nightstalker 1
a: Depart the Abyss, Bend Space, Renounce Religion


You were on level 3 of the Dungeon.
You worshipped Lugonu.
Lugonu was pleased with you.
You were hungry.
You were a tree.
You visited 1 branch of the dungeon, and saw 3 of its levels.
You visited the Abyss 1 time.

You collected 109 gold pieces.

Inventory:

Hand Weapons
 a - a +1 hand axe (weapon)
Missiles
 e - 7 javelins of penetration (quivered)
Armour
 j - a +0 chain mail (melded)
Jewellery
 l - a cursed ring of loudness (left branch)
Scrolls
 h - 5 scrolls of identify
 i - a scroll of fear {unknown}
 m - a scroll of teleportation {unknown}
 o - a scroll of enchant weapon {unknown}
Potions
 g - a potion of cancellation
 n - a potion of mutation
Comestibles
 b - 2 meat rations
 c - 2 bread rations
 k - 2 beef jerkies
 p - 2 fruits


   Skills:
 + Level 3.7 Fighting
 + Level 2.6 Axes
 + Level 2.4 Armour
 + Level 2.4 Dodging
 + Level 0.6 Stealth
 + Level 2.7 Invocations


You had 3 spell levels left.
You didn't know any spells.

Dungeon Overview and Level Annotations

Branches:
Dungeon (3/15)

Altars:
Trog


Innate Abilities, Weirdness & Mutations

((You are mostly covered in icy blue scales (AC +3, EV -1).))
You are slightly more attuned to the shadows.
You are agile. (Dex +2)
((Your flesh is heat resistant.))


Message History

The phantom is moderately damaged.
* * * LOW HITPOINT WARNING * * *
You feel sick.
The phantom hits you but does no damage.
You cannot move.
Unknown command.
You cannot move.
You hit the phantom but do no damage.
The phantom is moderately damaged.
* * * LOW HITPOINT WARNING * * *
You feel sick.
The phantom blinks!
Unknown command.
You cannot move.
Unknown command.
* * * LOW HITPOINT WARNING * * *
You feel sick.
* * * LOW HITPOINT WARNING * * *
You feel sick.
The phantom hits you but does no damage.
You die...

.. ...... ..#
......
...####+###......
.................
.................
.................
.....W♣<.........
...........).....
................#
................#
.##........######
#?..........
#...........


You could see a phantom.

Vanquished Creatures
  4 adders
  An ooze (D:1)
  5 worms (D:2)
  A dart slug (D:2)
  2 giant geckos (D:2)
  A ball python (D:1)
  6 giant cockroaches
  6 goblins
  5 hobgoblins
  11 jackals
  A quokka (D:2)
  8 bats
  2 giant newts (D:1)
  5 kobolds
  9 rats
67 creatures vanquished.

Notes
Turn   | Place    | Note
--------------------------------------------------------------
     0 | Abyss:1  | Gargoyl the Demonspawn Abyssal Knight began the quest for the Orb.
     0 | Abyss:1  | Reached XP level 1. HP: 18/18 MP: 2/2
    29 | Abyss:1  | Noticed a starcursed mass
    67 | Abyss:2  | Noticed a cyan very ugly thing
    82 | Abyss:2  | Noticed a large abomination
   117 | Abyss:2  | Noticed a large abomination
   127 | D:1      | Escaped the Abyss
   245 | D:1      | Reached skill level 1 in Dodging
   250 | D:1      | Reached * piety under Lugonu
   256 | D:1      | Gained mutation: You are slightly more attuned to the shadows. [demonic ancestry]
   256 | D:1      | Reached XP level 2. HP: 15/24 MP: 3/3
   903 | D:1      | Gained mutation: You are partially covered in icy blue scales (AC +1). [demonic ancestry]
   903 | D:1      | Reached XP level 3. HP: 29/29 MP: 4/4
  1200 | D:1      | Reached ** piety under Lugonu
  1683 | D:2      | Gained mutation: You are mostly covered in icy blue scales (AC +3, EV -1). [demonic ancestry]
  1683 | D:2      | Reached XP level 4. HP: 19/36 MP: 6/6
  2114 | D:2      | Noticed a moth of wrath
  2117 | D:2      | Found a bloodstained altar of Trog.
  2772 | D:3      | Noticed a phantom
  2789 | D:3      | Gained mutation: You are agile. (Dex +2) [potion of mutation]
  2789 | D:3      | Gained mutation: Your flesh is heat resistant. [potion of mutation]
  2799 | D:3      | HP: 2/55 [poisoned by an adder]
  2806 | D:3      | Succumbed to an adder's poison

Skill      XL: |  1  2  3 |
---------------+----------+-----
Dodging        | 1 2 |  2.4
Armour         | 2 |  2.4
Axes           | 2 |  2.6
Fighting       | |  3.7
Stealth        | |  0.6
Invocations    | |  2.7

Action                   |  1- 3 |  4- 6 || total
-------------------------+-------+-------++-------
Melee: Hand axe          |   165 |   114 ||   279
Invok: Depart the Abyss  |     1 |       ||     1
  Use: Scroll            |     3 |       ||     3
       Potion            |       |     4 ||     4
 Stab: Sleeping          |     1 |       ||     1
  Eat: Chunk             |     2 |     4 ||     6
Armor: Leather armour    |    23 |       ||    23
       Chain mail        |    92 |    93 ||   185
       Skin              |       |    12 ||    12
Dodge: Dodged            |    86 |    33 ||   119
